AoeStats
← Don M´s

Black Forest

509870254Analyzed
4v4 RM · 5d ago on Sep 28, 2026· 63m 11s· 8 players
Game mode
Random Map
Map size
Large (8 player)
Population
200
Speed
Normal
Resources
Standard
Victory
Conquest
Starting age
Dark Age
Ending age
Imperial Age
RankedLock teamsTeams togetherTeam positionsShared explorationLock speedFull tech treeHidden civsTurbo modeCheats
Victory
Defeat
🇳🇱 Mapuche · Netherlands
546
+14
🇦🇺 Danes · Australia
546
+14
🇨🇳 Portuguese · China
538
+15
🇭🇰 Khmer · Hong Kong SAR China
530
+15
🇨🇴 Khmer · Colombia
582
-18
🇦🇺 Franks · Australia
548
-22
🇦🇺 Huns · Australia
456
-12
🇦🇺 Mongols · Australia
443
-12
zw701
1:12 Loom
20:19 Feudal Age
28:29 Castle Age
26:16 Horse Collar
26:31 Double-Bit Axe
26:55 Stone Mining
27:36 Gold Mining
30:43 Heavy Plow
31:02 Bow Saw
36:50 Imperial Age
36:07 Forging
35:59 Scale Mail Armor
35:59 Padded Archer Armor
35:50 Fletching
38:04 Conscription
38:29 Wheelbarrow
39:37 Chemistry
39:57 Iron Casting
40:22 Pikeman
41:48 Chain Mail Armor
45:51 Plate Mail Armor
46:36 Blast Furnace
45:51 Leather Archer Armor
45:32 Bodkin Arrow
47:22 Arquebus
48:16 Halberdier
52:45 Stone Shaft Mining
52:46 Ring Archer Armor
52:16 Bracer
63:10 Two-Man Saw
62:43 Elite Organ Gun
harrold sweigermeister
15:24 Feudal Age
16:17 Horse Collar
16:25 Double-Bit Axe
21:19 Wheelbarrow
22:45 Gold Mining
27:06 Castle Age
24:54 Town Watch
28:02 Pikeman
28:54 Bow Saw
28:55 Heavy Plow
29:58 Hand Cart
30:07 Elite Skirmisher
31:21 Stone Mining
31:45 Fletching
31:58 Crossbowman
34:13 Ballistics
36:56 Stone Shaft Mining
36:13 Champi Runner
38:36 Champi Warrior
41:49 Gold Shaft Mining
47:58 Imperial Age
45:36 Caravan
45:59 Malon
49:42 Town Patrol
50:19 Butalmapu
51:17 Elite Kona
54:05 Halberdier
55:25 Crop Rotation
55:56 Conscription
59:03 Heavy Scorpion
61:38 Bodkin Arrow
61:43 Padded Archer Armor
61:43 Scale Mail Armor
61:54 Forging
63:21 Chemistry
62:19 Elite Champi Warrior
62:23 Elite Bolas Rider
tingchunng
12:48 Feudal Age
13:55 Double-Bit Axe
14:18 Horse Collar
16:22 Gold Mining
20:51 Stone Mining
24:28 Castle Age
25:38 Bow Saw
25:33 Heavy Plow
27:32 Gold Shaft Mining
28:09 Ballistics
31:04 Masonry
30:51 Murder Holes
31:27 Caravan
35:18 Imperial Age
32:39 Loom
33:29 Wheelbarrow
32:41 Town Watch
33:04 Guard Tower
33:47 Fortified Wall
37:39 Heavy Scorpion
41:19 Double Crossbow
41:40 Conscription
42:34 Hand Cart
44:03 Hoardings
52:10 Sappers
ToveLo
13:22 Feudal Age
13:51 Double-Bit Axe
18:35 Gold Mining
21:49 Castle Age
19:53 Stone Mining
21:08 Arson
22:44 Bow Saw
23:09 Forging
23:39 Gold Shaft Mining
24:14 Horse Collar
25:12 Stone Shaft Mining
25:54 Wheelbarrow
26:25 Loom
28:48 Squires
28:57 Scale Mail Armor
31:51 Iron Casting
31:35 Chain Mail Armor
30:52 Hamask
39:54 Imperial Age
37:25 Gambesons
38:24 Iron Casting
41:01 Conscription
40:59 Hand Cart
41:17 Plate Mail Armor
45:31 Blast Furnace
45:21 Caravan
49:28 Fletching
52:00 Northmen's Fury
54:16 Scale Barding Armor
54:06 Bodkin Arrow
55:11 Elite Jomsviking
56:29 Hoardings
60:31 Elite Varangian Guard
63:04 Gambesons
63:28 Bracer
Caldi
12:06 Feudal Age
17:50 Castle Age
16:42 Double-Bit Axe
24:54 Gold Mining
28:50 Bow Saw
29:44 Horse Collar
34:10 Imperial Age
32:34 Heavy Plow
32:30 Loom
35:18 Drill
35:09 Murder Holes
34:44 Capped Ram
37:38 Siege Ram
Don M´s
1:52 Loom
33:01 Feudal Age
34:31 Wheelbarrow
33:51 Gold Mining
33:45 Horse Collar
38:16 Castle Age
39:53 Double-Bit Axe
41:09 Bow Saw
42:21 Stone Mining
47:04 Stone Shaft Mining
Sam-vs-Wild
9:35 Loom
12:11 Feudal Age
14:24 Double-Bit Axe
23:57 Castle Age
23:15 Wheelbarrow
24:45 Husbandry
26:01 Gold Mining
30:29 Scale Barding Armor
37:18 Forging
39:04 Chain Barding Armor
MarkyKenz
4:25 Loom
11:37 Feudal Age
13:08 Wheelbarrow
13:13 Double-Bit Axe
13:20 Gold Mining
15:29 Stone Mining
17:46 Horse Collar
24:16 Castle Age
23:20 Fletching
23:31 Padded Archer Armor
24:27 Forging
24:23 Scale Barding Armor
25:45 Hand Cart
25:44 Bow Saw
26:57 Gold Shaft Mining
26:48 Heavy Plow
30:06 Bloodlines
29:57 Husbandry
30:47 Thumb Ring
31:22 Fervor
31:39 Bodkin Arrow
32:00 Leather Archer Armor
32:25 Caravan
34:19 Chain Barding Armor
35:35 Iron Casting
40:09 Imperial Age
40:11 Marauders
40:15 Heavy Cavalry Archer
41:28 Parthian Tactics
41:27 Conscription
43:09 Chemistry
42:30 Ballistics
43:39 Bracer
44:40 Blast Furnace
44:16 Plate Barding Armor
47:55 Elite Tarkan
53:33 Murder Holes
53:52 Masonry
Connection lost

Rejoining the realm…

Still unreachable

The connection could not be restored.

Session expired

The server has moved on; the page needs a fresh start.